 Dungeon Crawl Stone Soup version 0.19-a0-1875-g4fea3da (webtiles) character file.

37 Amnesiac the Magician (level 3, -27/21 HPs)
             Began as a Halfling Wizard on Oct 13, 2016.
             Killed from afar by a goblin (34 damage)
             ... with an exploding inner flame
             ... hexed by the player character
             ... on level 3 of the Dungeon.
             The game lasted 00:03:06 (1357 turns).

Amnesiac the Magician (Halfling Wizard)             Turns: 1357, Time: 00:03:06

Health: -27/21     AC:  3    Str:  8    XL:     3   Next: 62%
Magic:  4/7        EV: 15    Int: 16    God:
Gold:   59         SH:  0    Dex: 13    Spells: 3 memorised, 2 levels left

rFire  . . .     SeeInvis .     h - +1 short sword
rCold  . . .     Gourm    .     a - +0 robe
rNeg   . . .     Faith    .     (shield restricted)
rPois  .         Spirit   .     b - +1 hat
rElec  .         Dismiss  .     (no cloak)
rCorr  .         Reflect  .     (no gloves)
MR     .....     Harm     .     (no boots)
Stlth  ++........               (no amulet)
                                (no ring)
                                j - ring of flight

@: repel missiles
A: mutation resistance 1
a: Evoke Flight


You were on level 3 of the Dungeon.
You were not hungry.

You visited 1 branch of the dungeon, and saw 3 of its levels.

You collected 59 gold pieces.

Inventory:

Hand Weapons
 h - a +1 short sword (weapon)
 m - a +2 vampiric dagger
Armour
 a - a +0 robe (worn)
 b - a +1 hat (worn)
Jewellery
 j - a ring of flight (left hand)
Potions
 p - 2 potions of might {unknown}
Books
 c - a book of Minor Magic

   Spells                             Type                      Level
   a - Magic Dart                     Conjuration                  1
   b - Blink                          Translocation                2
   c - Call Imp                       Summoning                    2
   d - Repel Missiles                 Charms/Air                   2
   e - Slow                           Hexes                        2
   f - Conjure Flame                  Conjuration/Fire             3
   g - Mephitic Cloud                 Conjuration/Poison/Air       3
Comestibles
 d - a bread ration
 f - 2 meat rations
 i - 2 beef jerkies
 k - a slice of pizza
 q - a chunk of flesh


   Skills:
 - Level 1.6 Short Blades
 - Level 2.1 Dodging
 - Level 2.1 Stealth
 + Level 2.8 Spellcasting
 - Level 1.0 Conjurations
 - Level 1.0 Summonings
   Level 1.1 Translocations
 - Level 1.0 Air Magic


You had 2 spell levels left.
You knew the following spells:

 Your Spells              Type           Power        Failure   Level  Hunger
a - Repel Missiles        Chrm/Air       #.....       24%         2    ##.....
d - Call Imp              Summ           #.......     21%         2    ##.....
f - Magic Dart            Conj           #...         14%         1    #......


Dungeon Overview and Level Annotations

Branches:
Dungeon (3/15)

Altars:

Annotations:
D:2 Robin


Innate Abilities, Weirdness & Mutations

You are small and have problems with some larger weapons.
You are somewhat resistant to further mutation.


Message History

The creatures around you are filled with an inner flame!
It was a scroll of immolation.
The goblin closely misses you.
As you read the scroll labeled PUZELE EMISM, it crumbles to dust.
It is a scroll of enchant armour.
Your +0 hat glows green for a moment.
The goblin closely misses you.
As you read the scroll labeled FOEKKU KULUADE, it crumbles to dust.
It is a scroll of recharging.
You aren't carrying any rechargeable items.
The goblin barely misses you.
You closely miss the goblin. The goblin barely misses you.
You closely miss the goblin. The goblin hits you but does no damage.
You hit the goblin.
The goblin explodes!
The fiery explosion engulfs the hobgoblin.
The hobgoblin explodes!
The fiery explosion engulfs the dart slug.
The dart slug explodes!
The fiery explosion engulfs you!
Ouch! That really hurt!
You die...

,*,*,,*,**,*##†#*,,,,,,* *,* *,
,*,****,*#,* #.#*,,,,,,* *,* *,
+*,,,,,,*#.###.##,,,,,,*****,***,
,,,,,,,*##.....%#***,****,,,,*,,,
,,,,,,,+.......§## *,****,,,,*,**
,,,,,,,####....§§# *,*,,+,,,,*,*
,,,,,,,,.......#§# *,*,**,,,**,*
,,,,,,,,.K...###§# *,*,**,,,**,*
,,,,,,,......* #@# *,*,**,,,**,*
******,......**#+#**,*,**,,,**,*
*,,..).,*,...,*,*,*******,*
*,,...,,*.....,,,,* *,*
*,,,,,,,#......,,,* *,*
*,,,,,,,####.#..,,* *,* *,,,,,,,*
*...o.,* *,* ********* *#.,...*
*,** *,,,,,* *,,<


There were no monsters in sight!

Vanquished Creatures
  An adder (D:2)
  2 dart slugs
  3 giant cockroaches (D:1)
  5 goblins (D:2)
  4 hobgoblins
  A kobold (D:1)
  A frilled lizard (D:1)
  3 rats
20 creatures vanquished.

Vanquished Creatures (collateral kills)
  An adder (D:2)
  A kobold (D:2)
2 creatures vanquished.

Grand Total: 22 creatures vanquished

Notes
Turn   | Place    | Note
-------+----------+-------------------------------------------
     0 | D:1      | Amnesiac the Halfling Wizard began the quest for the Orb.
     0 | D:1      | Reached XP level 1. HP: 11/11 MP: 3/3
    16 | D:1      | Reached skill level 1 in Conjurations
   730 | D:1      | Reached skill level 1 in Short Blades
   730 | D:1      | Reached XP level 2. HP: 16/17 MP: 0/5
   734 | D:1      | Learned a level 2 spell: Call Imp
   784 | D:1      | Reached skill level 1 in Summonings
   789 | D:1      | Learned a level 2 spell: Repel Missiles
  1040 | D:2      | Reached skill level 1 in Air Magic
  1072 | D:2      | Reached XP level 3. HP: 14/21 MP: 1/6
  1292 | D:2      | Noticed Robin
  1357 | D:3      | Killed from afar by a goblin

Vault maps used:
D:1:      erik_arrival_triangle_small, hangedman_abyss_or_decor_lesser_grid,
          minmay_misc_feat_iff
D:2:      uniq_robin
D:3:      minmay_ogre_servants, uniq_iyjb

Skill      XL: |  1  2 |
---------------+-------+-----
Conjurations   | 1 |  1.0
Short Blades   | 1 |  1.6
Summonings     | 1 |  1.0
Air Magic      | 1 |  1.0
Dodging        | |  2.1
Stealth        | |  2.1
Spellcasting   | |  2.8
Translocations | |  1.1

Action                   || total
-------------------------++-------
Melee: Short sword       ||    22
       Unarmed           ||     8
 Cast: Magic Dart        ||    39
       Call Imp          ||     3
       Repel Missiles    ||     1
  Use: Scroll            ||     5
 Stab: Sleeping          ||     2
  Eat: Chunk             ||     2
Armor: Robe              ||    11
Dodge: Dodged            ||    31
